AoeStats
← Marilou

MegaRandom

506006154Analyzed
1v1 RM · 21d ago on Sep 12, 2026· 45m 48s· 2 players
Game mode
Random Map
Map size
Tiny (2 player)
Population
200
Speed
Normal
Resources
Standard
Victory
Conquest
Starting age
Dark Age
Ending age
Imperial Age
RankedLock teamsTeams togetherTeam positionsShared explorationLock speedFull tech treeHidden civsTurbo modeCheats
Victory
Defeat
🇲🇽 Chinese · Mexico
827
+16
🇨🇦 Persians · Canada
831
-16
GuillerM3R
6:57 Loom
11:38 Feudal Age
13:07 Wheelbarrow
12:19 Double-Bit Axe
12:31 Man-at-Arms
19:19 Castle Age
19:51 Forging
21:04 Arson
28:36 Scale Mail Armor
29:12 Iron Casting
28:55 Squires
38:31 Imperial Age
37:19 Bow Saw
40:04 Conscription
40:58 Chain Mail Armor
Marilou
5:00 Loom
11:41 Feudal Age
11:56 Horse Collar
13:03 Double-Bit Axe
17:34 Bloodlines
17:38 Scale Barding Armor
18:12 Forging
22:19 Castle Age
21:05 Gold Mining
22:38 Light Cavalry
23:58 Iron Casting
23:56 Bow Saw
24:10 Fletching
24:31 Husbandry
28:46 Crossbowman
30:13 Town Watch
40:02 Masonry
Connection lost

Rejoining the realm…

Still unreachable

The connection could not be restored.

Session expired

The server has moved on; the page needs a fresh start.